 Dungeon Crawl Stone Soup version 0.30-a0-335-ge5acde7520 (webtiles) character file.

Game seed: 5079655761561252344

2209 lunkers the Geomancer (level 9, -9/67 HPs)
             Began as a Meteoran Earth Elementalist on Oct 31, 2022.
             Was an Initiate of Vehumet.
             Mangled by a wyvern (16 damage)
             ... on level 7 of the Dungeon.
             The game lasted 00:08:53 (3564 turns).

lunkers the Geomancer (Meteoran Earth Elementalist) Turns: 3564, Time: 00:08:54

Health: -9/67      AC:  8    Str: 11    XL:     9   Next: 91%
Magic:  6/21       EV: 13    Int: 20    God:    Vehumet [......]
Gold:   281        SH:  0    Dex: 21    Spells: 12/23 levels left

rFire   . . .      SeeInvis .    b - +3 flail (protect)
rCold   + . .      Faith    .    (no shield)
rNeg    . . .      Spirit   .    s - +2 leather armour {rC+}
rPois   +          Reflect  .    v - +2 hat
rElec   .          Harm     .    r - +0 cloak
rCorr   .          Rampage  .    (no gloves)
Will    +....                    (no boots)
Stlth   +.........               (no amulet)
HPRegen 0.31/turn                o - +6 ring of dexterity
MPRegen 0.17/turn                t - ring of poison resistance

@: glowing
A: sense surroundings 2, otherworldly, glowing, explore regen
a: Renounce Religion


You were on level 7 of the Dungeon.
You worshipped Vehumet.
Vehumet was noncommittal.
You visited 2 branches of the dungeon, and saw 9 of its levels.
You also visited: Sewer.

You collected 281 gold pieces.

Inventory:

Hand Weapons
 b - a +3 flail of protection (weapon)
 g - a +0 dagger
 w - a +0 dagger of venom
Armour
 a - a +0 robe
 r - a +0 cloak (worn)
 s - a +2 leather armour of cold resistance (worn)
 v - a +2 hat (worn)
Jewellery
 e - a ring of fire
 o - a +6 ring of dexterity (left hand)
 t - a ring of poison resistance (right hand)
Scrolls
 d - a scroll of amnesia
 i - 3 scrolls of teleportation
 m - 2 scrolls of identify
 u - 2 scrolls of fog
 x - a scroll of blinking
Potions
 c - a potion of invisibility {unknown}
 f - a potion of flight
 h - a potion of mutation {unknown}
 j - 3 potions of might
 k - a potion of resistance {unknown}
 l - a potion of curing {unknown}
 q - a potion of attraction {unknown}
 z - a potion of brilliance {unknown}
 A - a potion of heal wounds {unknown}


   Skills:
 + Level 1.7 Fighting
 + Level 3.2 Dodging
 - Level 1.4 Stealth
 + Level 7.9 Spellcasting
 + Level 6.4 Conjurations
 - Level 1.2 Transmutations
 - Level 10.7 Earth Magic


You had 12 spell levels left.
You knew the following spells:

 Your Spells              Type           Power      Damage    Failure   Level
a - Sandblast             Erth           100%       2d20      1%          1
b - Passwall              Tmut/Erth      25%        N/A       1%          2
c - Stone Arrow           Conj/Erth      84%        3d12      1%          3
d - Petrify               Tmut/Erth      31%        N/A       10%         4
p - Apportation           Tloc           14%        N/A       12%         1

Your spell library contained the following spells:

 Spells                   Type           Power      Damage    Failure   Level
 Sting                    Tmut/Pois      40%        1d5       9%          1
 Dazzling Flash           Conj/Hex       40%        N/A       9%          3
 Hailstorm                Conj/Ice       20%        3d6       9%          3
 Freeze                   Ice            28%        1d5       12%         1
 Necrotise                Necr           28%        1d5       12%         1
 Summon Small Mammal      Summ           28%        N/A       12%         1
 Cigotuvi's Dreadful Rot  Necr/Pois/Air  14%        N/A       17%         2
 Poisonous Vapours        Pois/Air       14%        N/A       17%         2
 Frozen Ramparts          Ice            14%        1d3       34%         3
 Dispel Undead            Necr           7%         3d8       75%         4
 Olgreb's Toxic Radiance  Pois           7%         N/A       75%         4
 Agony                    Necr           7%         N/A       97%         5
 Silence                  Hex/Air        3%         N/A       97%         5
 Death Channel            Necr           3%         N/A       100%        6


Dungeon Overview and Level Annotations

Branches:
Dungeon (8/15) Zot: 1520   Temple (1/1) D:7 Zot: 459   Sewer (visited)
   Lair: D:8-11

Altars:
Ashenzari
Cheibriados
Dithmenos
Elyvilon
Fedhas
Gozag
Hepliaklqana
Kikubaaqudgha
Makhleb
Nemelex Xobeh
Okawaru
Qazlal
Ru
Sif Muna
Trog
Uskayaw
Vehumet
Wu Jian
Xom
Yredelemnul
Zin
The Shining One

Shops:
D:2 :

Annotations:
D:3 1 transporter


Innate Abilities, Weirdness & Mutations

You passively map the area around you.
You are easily found by Zot.
You glow in the dark.
You regain HP and MP as you explore.


Message History

The wyvern closely misses you.
Casting: Sandblast (safe; 1% risk of failure)
Confirm with . or Enter, or press ? or * to list all spells.
Aiming: Stone Arrow (safe; 1% risk of failure)
Press: ? - help, Shift-Dir - straight line, f/p - water moccasin
Aim: a water moccasin (almost dead, 60% to hit)
The stone arrow misses the water moccasin.
The water moccasin barely misses you. The wyvern bites you!
* * * LOW HITPOINT WARNING * * *
The water moccasin completely misses you.
The wyvern bites you!
* * * LOW HITPOINT WARNING * * *
Casting: Stone Arrow (safe; 1% risk of failure)
Confirm with . or Enter, or press ? or * to list all spells.
Aiming: Stone Arrow (safe; 1% risk of failure)
Press: ? - help, Shift-Dir - straight line, f/p - water moccasin
Aim: a water moccasin (almost dead, 60% to hit)
The stone arrow hits the water moccasin!!
You kill the water moccasin!
Vehumet accepts your kill. The wyvern barely misses you.
Unknown command.
Unknown command.
Casting: Stone Arrow (safe; 1% risk of failure)
Confirm with . or Enter, or press ? or * to list all spells.
Aiming: Stone Arrow (safe; 1% risk of failure)
Press: ? - help, Shift-Dir - straight line, f - wyvern
Aim: a wyvern (76% to hit)
The stone arrow hits the wyvern!!
The wyvern is severely wounded.
The wyvern misses you. The wyvern bites you.
* * * LOW HITPOINT WARNING * * *
Unknown command.
Casting: Stone Arrow (safe; 1% risk of failure)
Confirm with . or Enter, or press ? or * to list all spells.
Aiming: Stone Arrow (safe; 1% risk of failure)
Press: ? - help, Shift-Dir - straight line, f/p - wyvern
Aim: a wyvern (severely wounded, 76% to hit)
The stone arrow misses the wyvern.
The wyvern bites you!
You die...

#.# #.# #.##[# #.# #.# ###.##.###
#.## #.#######......... #..##
#.##..............
##########...###.##.####.#.##.###
#..........#..##.##.####.#.##.###
#.########.......................
#.# ##.....[l#.##........... #.#
######@........#..#.#.. #.#
##†#.##)####.#.#.. #.# #.#.##[#
*#.#.#.. #.# #.#.##)###....#..
#.# #.#...)...<...#.. #.#
########.####.##....##.. #.#
#.....##.# #.##.#####.. #.#
###+###....# #.##.# #.. #.#
#.....#..#.# #.##.## #..


You could see a wyvern.

Vanquished Creatures
  Edmund (D:4)
  3 water moccasins
  Duvessa (D:6)
  A black bear (D:7)
  An ice beast (D:7)
  A centaur (D:7)
  3 bullfrogs
  3 scorpions
  2 necrophages
  Dowan (D:6)
  3 hounds
  A jelly (D:4)
  2 gnoll boudas (D:5)
  3 iguanas
  An orc priest (D:7)
  6 orc wizards
  13 gnolls
  4 river rats (Sewer)
  9 adders
  2 shadow imps
  A white imp (D:6)
  An ufetubus (D:5)
  2 worms
  2 dart slugs
  26 orcs
  13 endoplasms
  7 giant cockroaches
  8 goblins
  5 hobgoblins
  5 quokkas
  18 ball pythons
  2 bats
  8 frilled lizards
  8 kobolds
  26 rats
193 creatures vanquished.

Vanquished Creatures (others)
  2 plants (D:8)
2 creatures vanquished.

Grand Total: 195 creatures vanquished

Notes
Turn   | Place    | Note
-------+----------+-------------------------------------------
     0 | D:1      | lunkers the Meteoran Earth Elementalist began the quest for
                  | the Orb.
     0 | D:1      | Reached XP level 1. HP: 14/14 MP: 5/5
    42 | D:1      | Reached skill level 4 in Earth Magic
    42 | D:1      | Reached XP level 2. HP: 20/20 MP: 3/6
   254 | D:1      | Reached XP level 3. HP: 26/26 MP: 6/8
   370 | D:2      | Found Nosh's Book Shoppe.
   657 | D:2      | Reached XP level 4. HP: 33/33 MP: 7/10
   660 | D:2      | Learned a level 2 spell: Passwall
   664 | D:2      | Learned a level 3 spell: Stone Arrow
   686 | D:2      | Reached skill level 5 in Earth Magic
   893 | D:3      | Found a transporter.
  1104 | D:3      | Reached XP level 5. HP: 38/38 MP: 8/11
  1208 | D:4      | Noticed a necrophage
  1213 | D:4      | Killed a necrophage
  1214 | D:4      | Reached skill level 6 in Earth Magic
  1214 | D:4      | Reached XP level 6. HP: 37/45 MP: 10/13
  1222 | D:4      | Noticed Edmund
  1379 | D:4      | Reached skill level 1 in Conjurations
  1530 | D:4      | Killed Edmund
  1531 | D:4      | Reached skill level 5 in Spellcasting
  1531 | D:4      | Reached skill level 7 in Earth Magic
  1531 | D:4      | Reached XP level 7. HP: 11/50 MP: 5/15
  1583 | D:5      | Entered Level 5 of the Dungeon
  1663 | D:5      | Learned a level 4 spell: Petrify
  1873 | D:5      | Reached skill level 8 in Earth Magic
  1873 | D:5      | Reached XP level 8. HP: 51/57 MP: 6/17
  1982 | D:5      | Found a glowing golden altar of the Shining One.
  2008 | D:5      | Found a snail-covered altar of Cheibriados.
  2159 | D:6      | Found a glowing drain.
  2169 | Sewer    | Entered a sewer
  2313 | Sewer    | Reached skill level 9 in Earth Magic
  2569 | D:6      | Noticed Dowan
  2569 | D:6      | Noticed Duvessa
  2579 | D:6      | Killed Duvessa
  2580 | D:6      | Gained mutation: You passively map the area around you.
                  | [Meteoran growth]
  2580 | D:6      | Reached XP level 9. HP: 40/62 MP: 11/20
  2584 | D:6      | Killed Dowan
  2585 | D:6      | Reached skill level 5 in Conjurations
  2635 | D:6      | Learned a level 1 spell: Apportation
  2785 | D:6      | Found a stormy altar of Qazlal.
  2974 | D:7      | Reached skill level 10 in Earth Magic
  3126 | D:7      | Found a staircase to the Ecumenical Temple.
  3141 | Temple   | Entered the Ecumenical Temple
  3274 | Temple   | Became a worshipper of Vehumet
  3529 | D:7      | Reached skill level 1 in Fighting
  3564 | D:7      | Mangled by a wyvern

Illustrated notes

Levels and vault maps discovered:
D:1:      dpeg_arrival_round_a, layout_rooms
D:2:      layout_basic, serial_shops, shop
D:3:      gammafunk_wand_slinger, layout_basic
D:4:      layout_loops_corners, minmay_misc_feat_secret_circle, uniq_edmund,
          uniq_grinder
D:5:      layout_loops_ring, mainiacjoe_overflow_two_lobes,
          minmay_misc_feat_square
D:6:      layout_basic, nicolae_qazlal_style_of_elements, gup_sewer_entry_pipe,
          uniq_duvessa
D:7:      layout_loops_ring, minmay_temple_entry_hall
D:8:      layout_loops_corners, minmay_lair_entry_grove, nicolae_island_escapes
Temple:   compressed_dpeg_triangle_lava_temple

Skill      XL: |  1  2  3  4  5  6  7  8  9 |
---------------+----------------------------+-----
Earth Magic    | 4 5 6 7 8 9 10 | 10.7
Spellcasting   | 3 4 5 6 7 |  7.9
Conjurations   | 2 3 4 6 |  6.4
Fighting       | 1 |  1.7
Dodging        | 3 |  3.2
Stealth        | |  1.4
Transmutations | |  1.2

Action                   |  1- 3 |  4- 6 |  7- 9 || total
-------------------------+-------+-------+-------++-------
Melee: Flail             |       |       |     1 ||     1
 Cast: Sandblast         |    39 |    58 |   189 ||   286
       Stone Arrow       |       |     7 |    10 ||    17
       Passwall          |       |       |     1 ||     1
  Use: Potion            |       |     1 |       ||     1
       Scroll            |       |       |    13 ||    13
Armor: Robe              |       |     6 |       ||     6
       Leather armour    |       |       |    69 ||    69
Dodge: Dodged            |     2 |    12 |   103 ||   117

Table legend: (Time is in decaauts)
 A = Elapsed time spent in this place.
 B = Non-inter-level travel time spent in this place.
 C = Inter-level travel time spent in this place.
 D = Time resting spent in this place.
 E = Time spent auto-exploring this place.
 F = Levels seen in this place.
 G = Mean time per level.
                   A        B        C        D        E       F      G
               +--------+--------+--------+--------+--------+-----+--------+
         Total |   3748 |   3479 |    269 |      0 |   2354 |  10 |  374.8 |
       Dungeon |   3278 |   3037 |    241 |      0 |   2124 |   8 |  409.8 |
        Temple |    140 |    112 |     28 |      0 |    100 |   1 |  140.0 |
         Sewer |    329 |    329 |      0 |      0 |    129 |   1 |  329.0 |
               +--------+--------+--------+--------+--------+-----+--------+

Top non-repeatable levels by time:
     D:7: 584 daAuts
     D:5: 535 daAuts
     D:6: 517 daAuts
     D:3: 510 daAuts
     D:2: 390 daAuts
     D:1: 380 daAuts
     D:4: 350 daAuts
   Sewer: 329 daAuts
  Temple: 140 daAuts
     D:8: 9 daAuts
